 Dungeon Crawl Stone Soup version 0.21.1-1-g345015fe64 (webtiles) character file.

279098 test1 the Impregnable (level 19, -6/190 HPs)
             Began as a Minotaur Fighter on June 8, 2018.
             Was the Champion of Wu Jian.
             Mangled by a vault warden
             ... wielding a +2 broad axe of electrocution
              (11 damage)
             ... on level 2 of the Vaults on June 9, 2018.
             The game lasted 02:51:51 (52098 turns).

test1 the Impregnable (Minotaur Fighter)           Turns: 52098, Time: 02:51:51

Health: -6/190     AC: 38    Str: 41    XL:     19   Next: 65%
Magic:  22/22      EV:  9    Int:  5    God:    Wu Jian [******]
Gold:   1465       SH:  3    Dex: 10    Spells: 12/18 levels left

rFire    + . .     SeeInvis +   X - +1 great sword (freeze)
rCold    . . .     Gourm    .   (shield currently unavailable)
rNeg     . . .     Faith    .   b - +0 crystal plate armour
rPois    +         Spirit   .   Y - +0 mask of the Dragon {MR+ Slay+3 SInv}
rElec    +         Reflect  +   V - +2 cloak {+Inv}
rCorr    .         Harm     .   O - +0 pair of gloves
MR       ++...     NoCast   +   J - +1 pair of boots of Upho {-Cast +Inv rElec Str+3}
Stlth    ..........             B - amulet of the Tarantula {Reflect rPois MR- Str+9 Slay+5 SH+3}
HPRegen  0.41/turn              z - ring of protection from magic
MPRegen  0.18/turn              F - ring of protection from fire

@: exhausted, glowing, heavenly storm
A: retaliatory headbutt, horns 2
}: 2/15 runes: serpentine, barnacled
a: Wall Jump, Serpent's Lash, Heavenly Storm, Renounce Religion, Evoke
Invisibility


You were on level 2 of the Vaults.
You worshipped Wu Jian.
Wu Jian was exalted by your worship.
You were hungry.

You visited 7 branches of the dungeon, and saw 34 of its levels.
You visited 1 bazaar.
You also visited: Sewer, Ice Cave and Volcano.

You collected 4676 gold pieces.
You spent 3211 gold pieces at shops.

Inventory:

Hand Weapons
 N - a +1 scimitar of flaming
 X - a +1 great sword of freezing (weapon)
Armour
 b - a +0 crystal plate armour (worn)
 g - a +2 pair of boots
 t - +0 ice dragon scales
 J - the +1 pair of boots of Upho (worn) {-Cast +Inv rElec Str+3}
   (You bought it in a shop on level 2 of the Shoals)

   It affects your strength (+3).
   It insulates you from electricity.
   It lets you turn invisible.
   It prevents spellcasting.
 O - a +0 pair of gloves (worn)
 V - a +2 cloak of invisibility (worn)
 Y - the +0 mask of the Dragon (worn) {MR+ Slay+3 SInv}
   (You found it in a volcano)

   It affects your accuracy and damage with ranged weapons and melee attacks
   (+3).
   It affects your resistance to hostile enchantments.
   It lets you see invisible.
Jewellery
 a - an uncursed ring of poison resistance
 i - a +2 ring of protection
 q - an uncursed ring of flight
 y - an uncursed ring of protection from cold
 z - a ring of protection from magic (left hand)
 B - the amulet of the Tarantula (around neck) {Reflect rPois MR- Str+9 Slay+5 SH+3}
   (You found it on level 4 of the Shoals)

   [amulet of reflection]

   It shields you and reflects attacks.
   It affects your strength (+9).
   It affects your accuracy and damage with ranged weapons and melee attacks
   (+5).
   It protects you from poison.
   It affects your resistance to hostile enchantments.
   It affects your SH (+3).
 D - an uncursed amulet of rage
 E - an uncursed ring of positive energy
 F - a ring of protection from fire (right hand)
 H - the ring "Tilokhlaciph" {rC+++ MP-9 Dex-5 SInv Stlth-}
   (You found it in an ice cave)

   [ring of loudness]

   It affects your dexterity (-5).
   It renders you almost immune to cold.
   It affects your magic capacity (-9).
   It lets you see invisible.
   It makes you less stealthy.
 I - an uncursed ring of positive energy
Wands
 C - a wand of acid (8)
 M - a wand of clouds (15)
 Q - a wand of digging (17)
 S - a wand of flame (35)
 T - a wand of disintegration (55)
 U - a wand of iceblast (28)
Scrolls
 c - 3 scrolls of blinking
 e - 22 scrolls of teleportation
 h - 17 scrolls of identify
 j - 16 scrolls of enchant weapon
 l - 5 scrolls of fog
 o - 4 scrolls of enchant armour
 p - 13 scrolls of remove curse
 u - a scroll of brand weapon
 w - 9 scrolls of fear
 L - 3 scrolls of magic mapping
Potions
 d - 11 potions of might
 k - 20 potions of curing
 m - 8 potions of agility
 n - 4 potions of ambrosia {unknown}
 r - 11 potions of heal wounds
 s - 2 potions of flight
 v - 3 potions of degeneration {unknown}
 x - 11 potions of lignification {unknown}
 A - 4 potions of cancellation {unknown}
 G - 4 potions of magic {unknown}
 K - 4 potions of mutation
 P - 2 potions of haste
 R - 3 potions of resistance
Comestibles
 f - 55 rations


   Skills:
 + Level 21.4 Fighting
 + Level 22.2 Long Blades
 - Level 24.0 Armour
   Level 3.6 Shields
 - Level 6.2 Evocations


You had 12 spell levels left.
You knew the following spells:

 Your Spells              Type           Power        Failure   Level  Hunger
a - Magic Dart            Conj           #...         92%         1    ##.....
b - Passwall              Tmut/Erth      #.........   98%         2    ###....
c - Regeneration          Chrm/Necr      #.........   100%        3    ####...


Dungeon Overview and Level Annotations

Branches:
Dungeon (15/15)            Temple (1/1) D:4            Lair (6/6) D:11
 Shoals (4/4) Lair:4        Snake (4/4) Lair:4        Slime (0/5) Lair:5
    Orc (2/2) D:9             Elf (0/3) Orc:2        Vaults (2/5) D:14
 Depths (0/5) D:15
  Crypt: Vaults:2-3

Altars:
Ashenzari
Cheibriados
Dithmenos
Elyvilon
Fedhas
Gozag
Hepliaklqana
Kikubaaqudgha
Makhleb
Nemelex Xobeh
Okawaru
Qazlal
Ru
Sif Muna
Trog
Uskayaw
Vehumet
Wu Jian
Xom
Yredelemnul
Zin
The Shining One
Beogh
Jiyva

Shops:
D:13 %   D:15 *   Orc:2 *([:   Shoals:1 (   Shoals:2 [   Snake:1 [*
Vaults:1 ((

Annotations:
D:11 aliadon's ghost, journeyman HOMo
Lair:3 exclusion: ice statue


Innate Abilities, Weirdness & Mutations

You reflexively headbutt those who attack you in melee.
You have a pair of horns on your head.


Message History

Your supernatural speed expires.
Things that are here:
3 arrows; 4 large rocks; a cyclops corpse Unknown command.
Unknown command.
Unknown command.
You slash the vault warden! You freeze the vault warden.
Your headbutt misses the vault warden.
The vault warden is lightly wounded.
Unknown command.
You slash the vault warden! You freeze the vault warden.
The vault warden is moderately wounded.
The centaur warrior unwields an uncursed shortbow.
The centaur warrior hits you!
* * * LOW HITPOINT WARNING * * *
The fire dragon bites you but does no damage.
You block the fire dragon's attack.
The fire dragon tramples you but does no damage.
The vault warden hits you with a broad axe of electrocution!
You die...

#...# ########...#
#......+...# #......+...#
. #......#...# ...
#......#...#
....#§§§§§.+...#
....+§p§D§.#...#
...#§§@c§.#...# .
#§§§§§.#...# #§§§§§.#...#
#......#...# #......#...#
#####################...#
........................#
........................#
............)(.)†..(....#


You could see a fire dragon, a vault warden and a centaur warrior.

Vanquished Creatures
  Saint Roka (Orc:2)
  Jory (Vaults:2)
  Polyphemus (Shoals:2)
  Frances (Shoals:1)
  Kirke (D:13)
  A shadow dragon (D:14)
  Donald (Snake:1)
  A tengu reaver (D:14)
  Ilsuiw (Shoals:3)
  9 nagarajas
  The ghost of gorpus the Eclecticist, an adept OpNe of Ashenzari (Shoals:2)
  A deep elf sorcerer (Vaults:2)
  A frost giant (Shoals:2)
  A vault warden (Vaults:1)
  Louise (Shoals:1)
  6 ironheart preservers
  2 stone giants (Vaults:2)
  An entropy weaver (Vaults:1)
  Azrael (D:13)
  Nessos (D:15)
  A deep elf death mage (Vaults:2)
  4 merfolk javelineers
  A yaktaur captain (Vaults:1)
  3 fire dragons
  A crystal guardian (D:11)
  14 merfolk impalers
  2 ogre magi
  9 hydras
  3 great orbs of eyes
  18 naga warriors
  8 vault guards (D:14)
  2 rakshasas (Vaults:1)
  The ghost of rbetra the Blocker, a journeyman GrFi of Hepliaklqana (Snake:1)
  The ghost of Lokiki the Pandemonic, a journeyman FoFi of Makhleb (D:11)
  Erica (D:9)
  6 ice dragons
  A catoblepas (Shoals:2)
  2 merfolk avatars (Shoals:4)
  8 centaur warriors
  A dancing weapon (Volcano)
  2 alligator snapping turtles
  A tengu warrior (D:15)
  5 merfolk aquamancers
  11 two-headed ogres
  13 anacondas
  A deep troll shaman (Vaults:2)
  An orc high priest (Orc:1)
  8 death yaks
  3 shock serpents
  Urug (Orc:2)
  16 naga sharpshooters
  11 sea snakes
  3 unseen horrors
  2 glowing orange brains
  4 skeletal warriors
  A salamander mystic (Snake:2)
  2 flayed ghosts
  8 naga ritualists
  8 wizards
  4 deep trolls (Vaults:2)
  A deep elf archer (Vaults:2)
  6 orc knights
  A necromancer (Vaults:2)
  Pikel (D:5)
  5 harpies (Shoals:1)
  2 ironbrand convokers
  11 mana vipers
  8 salamanders
  A human zombie (Vaults:2)
  An oklob plant (Lair:2)
  2 wolf spiders
  2 deep elf magi
  2 fauns (Shoals:1)
  3 orc sorcerers (Orc:2)
  10 ugly things
  20 cyclopes
  14 manticores
  5 toenail golems (Volcano)
  5 elephants
  48 black mambas
  8 merfolk sirens
  5 guardian serpents
  4 vault sentinels
  26 naga magi
  2 ice statues (IceCv)
  6 water nymphs
  13 spiny frogs
  A gargoyle (D:12)
  3 rime drakes
  A komodo dragon (shapeshifter) (Vaults:1)
  7 komodo dragons
  6 yaktaurs (Vaults:1)
  2 human skeletons (Vaults:2)
  A freezing wraith (D:15)
  7 polar bears
  17 merfolk
  7 trolls
  A tengu simulacrum (Vaults:2)
  A meliai (shapeshifter) (Vaults:1)
  24 slime creatures
  Grinder (D:6)
  11 hippogriffs
  7 wind drakes
  5 hornets
  2 dream sheep (D:8)
  10 blink frogs
  A meliai zombie (D:14)
  16 snapping turtles
  A redback (shapeshifter) (D:14)
  3 redbacks
  A centaur simulacrum (D:14)
  A spriggan (shapeshifter) (D:13)
  6 wraiths
  2 shadows
  A vampire (D:14)
  2 water elementals
  51 yaks
  3 fire bats (D:8)
  12 wyverns
  2 basilisks
  2 fire elementals (D:8)
  A hungry ghost (D:14)
  The ghost of Faustar the Skirmisher, an amateur FoAK of Lugonu (D:5)
  A fire bat (shapeshifter) (Vaults:1)
  4 vampire mosquitoes (D:14)
  36 nagas
  3 acid dragons
  5 wargs
  11 porcupines
  23 water moccasins
  5 hell hounds
  43 orc warriors
  25 ice beasts
  An eye of draining (D:13)
  Duvessa (D:5)
  A necrophage (D:9)
  5 sky beasts
  A slave (D:6)
  10 wolves
  19 ogres
  2 phantoms (D:10)
  21 centaurs
  11 crocodiles
  5 big kobolds
  Dowan (D:5)
  10 bullfrogs
  3 scorpions
  5 killer bees (D:12)
  An orc simulacrum (Vaults:2)
  9 wights
  3 howler monkeys (D:10)
  7 crimson imps
  A lava snake (Lair:1)
  6 centaur zombies
  A bullfrog zombie (D:10)
  4 quasits
  17 orc priests
  A gnoll shaman (D:5)
  2 hounds
  7 jellies
  36 orc wizards
  A bullfrog skeleton (D:12)
  11 worker ants
  3 iguanas
  6 hell rats
  2 hound zombies
  A hound skeleton (D:7)
  A howler monkey zombie (D:6)
  8 gnolls
  A howler monkey skeleton (D:4)
  5 river rats (Sewer)
  15 adders
  6 shadow imps
  2 white imps (Lair:3)
  2 oozes
  2 adder skeletons
  3 worms
  3 dart slugs
  5 leopard geckos
  99 orcs
  5 ball pythons (Sewer)
  11 giant cockroaches
  7 hobgoblins
  6 jackals
  10 quokkas
  8 bats
  5 frilled lizards
  6 goblins
  A jackal skeleton (D:5)
  2 jackal zombies (D:6)
  38 kobolds
  A leopard gecko skeleton (D:9)
  A quokka skeleton (D:7)
  2 quokka zombies
  25 rats
  5 plants
1314 creatures vanquished.

Vanquished Creatures (others)
  A merfolk siren (Shoals:4)
  4 humans (D:13)
  A sky beast (D:6)
  A slave (D:6)
  A bush (Lair:3)
  18 fungi
  26 plants
52 creatures vanquished.

Grand Total: 1366 creatures vanquished

Notes
Turn   | Place    | Note
-------+----------+-------------------------------------------
     0 | D:1      | test1 the Minotaur Fighter began the quest for the Orb.
     0 | D:1      | Reached XP level 1. HP: 19/19 MP: 0/0
    65 | D:1      | Reached XP level 2. HP: 22/26 MP: 1/1
   584 | D:1      | Reached XP level 3. HP: 31/31 MP: 2/2
   723 | D:2      | Found a burning altar of Makhleb.
   942 | D:2      | Reached skill level 5 in Long Blades
  1035 | D:2      | Reached XP level 4. HP: 37/39 MP: 3/3
  1701 | D:3      | Reached XP level 5. HP: 41/45 MP: 4/4
  2001 | D:3      | Found a hazy altar of Hepliaklqana.
  2330 | D:4      | Found a radiant altar of Vehumet.
  2710 | D:4      | Reached XP level 6. HP: 50/51 MP: 5/5
  2711 | D:4      | Found a staircase to the Ecumenical Temple.
  2718 | Temple   | Entered the Ecumenical Temple
  2933 | Temple   | Became a worshipper of the Wu Jian Council
  3236 | D:5      | Entered Level 5 of the Dungeon
  3329 | D:5      | Noticed Faustar's ghost (amateur FoAK)
  3357 | D:5      | Killed Faustar's ghost
  3357 | D:5      | Reached XP level 7. HP: 49/57 MP: 6/6
  3381 | D:5      | Noticed a yak
  3399 | D:5      | Killed a yak
  3399 | D:5      | Reached skill level 10 in Long Blades
  3560 | D:5      | Noticed a yak
  3560 | D:5      | Noticed a yak
  3561 | D:5      | Noticed a yak
  3838 | D:4      | Killed a yak
  3838 | D:4      | Reached skill level 5 in Fighting
  4228 | D:5      | Reached XP level 8. HP: 70/70 MP: 7/7
  4386 | D:5      | Noticed Duvessa
  4394 | D:5      | Noticed Dowan
  4585 | D:5      | Killed Duvessa
  4618 | D:5      | Killed Dowan
  5102 | D:5      | Found a shadowy altar of Dithmenos.
  5504 | D:5      | Reached skill level 10 in Fighting
  5528 | D:6      | Noticed Pikel
  5556 | D:5      | Killed Pikel
  5556 | D:5      | Reached skill level 6 in Armour
  5556 | D:5      | Reached XP level 9. HP: 29/85 MP: 8/8
  5866 | D:6      | Reached * piety under Wu Jian
  5894 | D:6      | Found a glowing drain.
  5921 | Sewer    | Entered a sewer
  6065 | Sewer    | Reached ** piety under Wu Jian
  6161 | Sewer    | Reached skill level 7 in Armour
  6355 | D:6      | Reached *** piety under Wu Jian
  6593 | D:6      | Reached skill level 8 in Armour
  6854 | D:6      | Found a shattered altar of Ashenzari.
  6861 | D:6      | Reached skill level 9 in Armour
  7434 | D:6      | Noticed Grinder
  7438 | D:6      | Killed Grinder
  7438 | D:6      | Reached skill level 10 in Armour
  8462 | D:7      | Reached **** piety under Wu Jian
  8478 | D:7      | Reached XP level 10. HP: 91/93 MP: 9/9
  8618 | D:7      | Learned a level 1 spell: Magic Dart
  9074 | D:8      | Found a transporter.
  9271 | D:8      | Found a blossoming altar of Fedhas.
  9485 | D:8      | Found a transporter.
 10069 | D:8      | Noticed a three-headed hydra
 10074 | D:8      | Killed a one-headed hydra
 10151 | D:9      | Found a staircase to the Orcish Mines.
 10595 | D:9      | Found a snail-covered altar of Cheibriados.
 10688 | D:9      | Found a sparkling altar of Nemelex Xobeh.
 10833 | D:9      | Noticed Erica
 10841 | D:9      | Killed Erica
 10841 | D:9      | Reached XP level 11. HP: 88/99 MP: 10/10
 11314 | D:10     | Entered Level 10 of the Dungeon
 11449 | D:10     | Reached ***** piety under Wu Jian
 11702 | D:10     | Found the +5 scythe "Finisher" {speed, Str+3}
 12436 | D:11     | Killed an unseen horror
 12792 | D:11     | Noticed aliadon's ghost (journeyman HOMo)
 13775 | D:11     | Noticed Lokiki's ghost (journeyman FoFi)
 13790 | D:11     | Killed Lokiki's ghost
 13916 | D:11     | Found a staircase to the Lair.
 14756 | Orc:1    | Entered Level 1 of the Orcish Mines
 14861 | Orc:2    | Entered Level 2 of the Orcish Mines
 16107 | Orc:2    | Noticed an orc sorcerer
 16112 | Orc:2    | Killed an orc sorcerer
 16724 | Orc:1    | Reached XP level 12. HP: 110/118 MP: 11/11
 17343 | Orc:1    | Reached skill level 15 in Fighting
 18141 | Orc:2    | Noticed Urug
 18144 | Orc:2    | Noticed an orc high priest
 18168 | Orc:1    | Killed an orc high priest
 18408 | Orc:2    | Killed Urug
 18707 | Orc:2    | Noticed Saint Roka
 19009 | Lair:1   | Entered Level 1 of the Lair of Beasts
 19429 | Lair:1   | Reached skill level 15 in Long Blades
 20302 | Lair:2   | Noticed a four-headed hydra
 20311 | Lair:2   | Killed a one-headed hydra
 20904 | Lair:3   | Found a dark tunnel.
 20914 | Volcano  | Entered a volcano
 20992 | Volcano  | Reached XP level 13. HP: 99/128 MP: 12/12
 21042 | Volcano  | Found the +0 mask of the Dragon {MR+ Slay+3 SInv}
 21305 | Lair:3   | Reached ****** piety under Wu Jian
 22705 | Lair:4   | Found a staircase to the Shoals.
 22716 | Lair:4   | Reached skill level 1 in Evocations
 22753 | Lair:4   | Found a staircase to the Snake Pit.
 23793 | Lair:4   | Reached skill level 5 in Evocations
 24399 | Lair:5   | Found a runed door.
 24399 | Lair:5   | Found a viscous altar of Jiyva.
 24399 | Lair:5   | Found a staircase to the Slime Pits.
 24720 | Lair:6   | Entered Level 6 of the Lair of Beasts
 25005 | Lair:5   | Paralysed by a hornet for 2 turns
 25474 | Lair:6   | Reached XP level 14. HP: 96/137 MP: 17/17
 27558 | Orc:2    | Killed Saint Roka
 27558 | Orc:2    | Reached skill level 11 in Armour
 27925 | Orc:2    | Found a roughly hewn altar of Beogh.
 27954 | Orc:2    | Found Ypnoqigiab's Antique Armour Boutique.
 27961 | Orc:2    | Found Cuqedgh's Antique Weapon Boutique.
 27969 | Orc:2    | Found a staircase to the Elven Halls.
 28059 | Orc:2    | Found Woceink's Book Boutique.
 28074 | Orc:2    | Found Unnol's General Store.
 28471 | D:11     | Found a runed door.
 29025 | D:11     | Reached skill level 12 in Armour
 29728 | D:12     | Found a blossoming altar of Fedhas.
 30416 | D:13     | Noticed Azrael
 30435 | D:13     | Killed Azrael
 30436 | D:13     | Reached XP level 15. HP: 60/147 MP: 18/18
 30661 | D:13     | Found Ucroeg's Food Boutique.
 30814 | D:13     | Noticed Kirke
 30827 | D:13     | Killed Kirke
 30827 | D:13     | Reached skill level 13 in Armour
 30980 | D:13     | Found a shimmering altar of Xom.
 31469 | D:14     | Found a gate to the Vaults.
 31533 | D:14     | Found a flickering gateway to a bazaar.
 31550 | Bazaar   | Entered a bazaar
 31550 | Bazaar   | Found Unubojun's Magic Scroll Shoppe.
 31550 | Bazaar   | Found Atzifuf's General Store.
 31550 | Bazaar   | Found Bophan's Food Shoppe.
 31552 | Bazaar   | Found Zomitz's Distillery.
 31552 | Bazaar   | Found Bulidoj's Antique Armour Emporium.
 31588 | Bazaar   | Bought a scroll of enchant weapon for 90 gold pieces
 31588 | Bazaar   | Bought a scroll of enchant armour for 90 gold pieces
 31596 | Bazaar   | Bought a crystal plate armour for 1760 gold pieces
 31605 | Bazaar   | Bought a potion of flight for 27 gold pieces
 31608 | Bazaar   | Bought a scroll of enchant armour for 67 gold pieces
 31611 | Bazaar   | Bought a potion of mutation for 72 gold pieces
 31611 | Bazaar   | Bought a potion of heal wounds for 45 gold pieces
 31611 | Bazaar   | Bought a potion of curing for 27 gold pieces
 31628 | Bazaar   | Bought a scroll of blinking for 90 gold pieces
 31628 | Bazaar   | Bought a scroll of teleportation for 36 gold pieces
 31628 | Bazaar   | Bought a scroll of teleportation for 36 gold pieces
 31646 | Bazaar   | Bought 3 scrolls of teleportation for 108 gold pieces
 31676 | D:13     | Reached skill level 14 in Armour
 32384 | D:14     | Noticed a tengu reaver
 32385 | D:14     | Noticed a shadow dragon
 32788 | D:14     | Found a snail-covered altar of Cheibriados.
 32938 | D:14     | Killed a tengu reaver
 33040 | D:14     | Killed a shadow dragon
 33301 | D:15     | Entered Level 15 of the Dungeon
 33372 | D:15     | Found Cuitzedy's General Store.
 33413 | D:15     | Found a frozen archway.
 33432 | D:15     | Reached skill level 15 in Armour
 33838 | IceCv    | Entered an ice cave
 34220 | IceCv    | Got a warped bone ring
 34313 | IceCv    | Identified the ring "Tilokhlaciph" {rC+++ MP-9 Dex-5 SInv Stlth-} (You found it in an ice cave)
 34482 | D:15     | Reached XP level 16. HP: 145/160 MP: 19/19
 34699 | D:15     | Reached skill level 16 in Armour
 34702 | D:15     | Found a staircase to the Depths.
 34827 | D:15     | Noticed Nessos
 34841 | D:15     | Killed Nessos
 35303 | Snake:1  | Entered Level 1 of the Snake Pit
 35306 | Snake:1  | Noticed Donald
 35331 | Snake:1  | Killed Donald
 35801 | Snake:1  | Reached skill level 17 in Armour
 36027 | Snake:1  | Noticed rbetra's ghost (journeyman GrFi)
 36034 | Snake:1  | Killed rbetra's ghost
 36221 | Snake:1  | Found Juomarche's Assorted Antiques.
 36221 | Snake:1  | Found Saeblerch's Antique Armour Shop.
 36229 | Snake:1  | Bought a cabochon ring for 150 gold pieces
 36236 | Snake:1  | Bought a runed cloak for 262 gold pieces
 36626 | Snake:1  | Reached skill level 18 in Armour
 37640 | Snake:2  | Learned a level 2 spell: Passwall
 37644 | Snake:2  | Learned a level 3 spell: Regeneration
 38407 | Snake:2  | Reached skill level 19 in Armour
 39040 | Snake:3  | Found an iron altar of Okawaru.
 39365 | Snake:4  | Entered Level 4 of the Snake Pit
 39541 | Snake:4  | Reached XP level 17. HP: 116/168 MP: 20/20
 39924 | Snake:4  | Reached skill level 20 in Armour
 40864 | Shoals:1 | Entered Level 1 of the Shoals
 40944 | Shoals:1 | Noticed Louise
 40958 | Shoals:1 | Killed Louise
 40963 | Shoals:1 | Found Ibycuf's Weapon Boutique.
 41055 | Shoals:1 | Reached skill level 21 in Armour
 41137 | Shoals:1 | Noticed Frances
 41151 | Shoals:1 | Killed Frances
 41765 | Shoals:2 | Found Kesadd's Antique Armour Boutique.
 41798 | Shoals:2 | Bought a pair of spiked boots for 351 gold pieces
 41803 | Shoals:2 | Identified the +1 pair of boots of Upho {-Cast +Inv rElec Str+3} (You bought it in a shop on level 2 of the Shoals)
 41864 | Shoals:2 | Noticed Polyphemus
 41896 | Shoals:2 | Killed Polyphemus
 42298 | Shoals:2 | Noticed gorpus's ghost (adept OpNe)
 42576 | Shoals:2 | Reached skill level 22 in Armour
 42994 | Shoals:2 | Killed gorpus's ghost
 44825 | Shoals:4 | Entered Level 4 of the Shoals
 44956 | Shoals:4 | Reached XP level 18. HP: 170/176 MP: 21/21
 45134 | Shoals:4 | Reached skill level 23 in Armour
 45143 | Shoals:4 | Got a barnacled rune of Zot
 45365 | Shoals:4 | Noticed Ilsuiw
 46121 | Shoals:3 | Killed Ilsuiw
 46286 | Shoals:4 | Got a clouded lead amulet
 46287 | Shoals:4 | Identified the amulet of the Tarantula {Reflect rPois MR- Str+9 Slay+5 SH+3} (You found it on level 4 of the Shoals)
 46573 | Shoals:4 | Identified Iruufeuck's Papyrus of the Voyage and Enchantment
 47279 | Snake:4  | Reached skill level 24 in Armour
 49105 | Snake:4  | Got a serpentine rune of Zot
 49668 | Vaults:1 | Entered Level 1 of the Vaults
 49916 | Vaults:1 | Found Wifyagic's Weapon Shoppe.
 49987 | Vaults:1 | Reached XP level 19. HP: 147/185 MP: 22/22
 50604 | Vaults:1 | Found Ajaodinif's Weapon Emporium.
 51587 | Vaults:2 | Noticed Jory
 51597 | Vaults:2 | Killed Jory
 52098 | Vaults:2 | HP: 5/190 [centaur warrior (9)]
 52098 | Vaults:2 | Mangled by a vault warden

Skill      XL: |  1  2  3  4  5  6  7  8  9 10 11 12 13 14 15 16 17 18 19 |
---------------+----------------------------------------------------------+-----
Long Blades    | 3 4 5 6 7 9 10 14 16 19 20 21 22 | 22.2
Fighting       | 6 10 14 16 17 19 20 21 | 21.4
Armour         | 6 10 12 15 19 22 24 | 24.0
Evocations     | 6 |  6.2
Shields        | |  3.6

Action                   |  1- 3 |  4- 6 |  7- 9 | 10-12 | 13-15 | 16-18 | 19-21 || total
-------------------------+-------+-------+-------+-------+-------+-------+-------++-------
Melee: Long sword        |    94 |   182 |   470 |   156 |     9 |       |       ||   911
       Headbutt          |    17 |    28 |   100 |   222 |   327 |   353 |    93 ||  1140
       Falchion          |       |       |       |   106 |       |       |       ||   106
       Scimitar          |       |       |       |   744 |  1340 |    67 |       ||  2151
       Great sword       |       |       |       |       |     5 |  1322 |   256 ||  1583
Invok: Lunge             |       |     2 |    44 |    94 |   109 |   154 |    19 ||   422
       Whirlwind         |       |       |    19 |    95 |   117 |   205 |    11 ||   447
       Wall Jump         |       |       |     2 |    17 |    14 |    22 |       ||    55
       Serpent's Lash    |       |       |       |       |     1 |       |     1 ||     2
       Heavenly Storm    |       |       |       |       |       |       |     1 ||     1
 Abil: Evoke Invisibilit |       |       |       |       |     3 |       |       ||     3
       Evoke Flight      |       |       |       |       |       |     3 |       ||     3
Evoke: Wand              |       |       |       |     2 |       |       |       ||     2
  Use: Scroll            |       |       |     5 |     1 |    16 |     6 |     1 ||    29
       Potion            |       |       |       |     1 |     3 |     3 |       ||     7
 Stab: Invisible         |       |       |       |       |     4 |       |       ||     4
  Eat: Chunk             |       |     8 |    17 |    30 |    33 |    32 |     6 ||   126
       Ration            |       |       |       |     3 |     4 |     6 |       ||    13
Armor: Scale mail        |    45 |    65 |    19 |       |       |       |       ||   129
       Chain mail        |       |       |    19 |       |       |       |       ||    19
       Plate armour      |       |       |   189 |   433 |   572 |       |       ||  1194
       Skin              |       |       |     8 |       |       |       |       ||     8
       Ice dragon scales |       |       |       |       |    48 |       |       ||    48
       Crystal plate arm |       |       |       |       |       |   985 |   160 ||  1145
Dodge: Dodged            |    21 |    49 |    72 |   100 |   212 |   353 |    79 ||   886
Block: Shield            |    51 |    88 |   192 |   278 |   496 |    30 |       ||  1135
       Other             |       |       |       |       |       |    19 |    22 ||    41
       Reflection        |       |       |       |       |       |     5 |     3 ||     8
       Rpst.: Long sword |     6 |    18 |    20 |     5 |       |       |       ||    49
       Falchion          |       |       |       |     2 |       |       |       ||     2
       Scimitar          |       |       |       |    16 |    47 |     3 |       ||    66
       Great sword       |       |       |       |       |       |    65 |    19 ||    84
